 Dungeon Crawl Stone Soup version 0.31-a0-963-ga325b2283a (webtiles) character file.

Game seed: 837532419644909193

79 Fodor the Covered (level 4, -3/40 HPs)
             Began as a Minotaur Fighter on Oct 24, 2023.
             Succumbed to a water moccasin's poison
             ... in a sewer.
             The game lasted 00:06:52 (1533 turns).

Fodor the Covered (Minotaur Fighter)                Turns: 1533, Time: 00:06:52

Health: -3/40      AC:  7    Str: 23    XL:     4   Next: 17%
Magic:  3/3        EV:  9    Int:  5    God:
Gold:   67         SH:  4    Dex:  9    Spells: 3/3 levels left

rFire   . . .        a - +0 war axe
rCold   . . .        c - +0 buckler
rNeg    . . .        b - +0 scale mail
rPois   .            (helmet restricted)
rElec   .            (no cloak)
rCorr   .            (no gloves)
SInv    .            (no boots)
Will    .....        (no amulet) Stlth
                     (no ring)
HPRegen 0.26/turn    (no ring)
MPRegen 0.08/turn

%: no passive effects
@: lethally poisoned (-3 -> -18)
A: horns 2, retaliatory headbutt
a: no special abilities


You were in a sewer.
You visited 1 branch of the dungeon, and saw 3 of its levels.
You also visited: Sewer.

You collected 67 gold pieces.

Inventory:

Hand Weapons
 a - a +0 war axe (weapon)
Armour
 b - a +0 scale mail (worn)
 c - a +0 buckler (worn)
Jewellery
 p - a ring of see invisible
Scrolls
 f - 3 scrolls of fog {unknown}
 g - 3 scrolls of identify {unknown}
 i - a scroll of enchant armour {unknown}
 j - a scroll of brand weapon {unknown}
 n - a scroll of immolation {unknown}
 o - a scroll of summoning {unknown}
Potions
 d - 2 potions of might
 e - a potion of magic {unknown}
 h - a potion of invisibility {unknown}
 k - 2 potions of curing {unknown}
 l - a potion of brilliance {unknown}
 m - a potion of lignification {unknown}


   Skills:
 + Level 4.2 Fighting
 + Level 3.7 Axes
 + Level 4.4 Armour
 + Level 0.3 Dodging
 + Level 4.1 Shields


You had 3 spell levels left.
You didn't know any spells.
Your spell library was empty.

Dungeon Overview and Level Annotations

Branches:
Dungeon (3/15)              Sewer (1/1)

Altars:
Fedhas


Innate Abilities, Weirdness & Mutations

You have a pair of horns on your head.
You reflexively headbutt those who attack you in melee.


Message History

You block the bat's attack. The bat barely misses you. You furiously retaliate!
You headbutt the bat, but do no damage. The bat hits you.
You closely miss the bat. Your headbutt misses the bat.
The bat closely misses you. You furiously retaliate!
You headbutt the bat.
You kill the bat!
A water moccasin comes into view.
The water moccasin hisses angrily.
Found 42 gold pieces.
You see here a potion of haste.
You miss the water moccasin.
Your headbutt misses the water moccasin.
The water moccasin bites you.
You are poisoned.
The water moccasin poisons you! The water moccasin bites you.
You closely miss the water moccasin.
You feel very sick. The water moccasin bites you.
You are more poisoned.
The water moccasin poisons you! The water moccasin bites you.
You are lethally poisoned!
The water moccasin poisons you!
You completely miss the water moccasin.
Your headbutt misses the water moccasin.
You feel extremely sick.
The water moccasin completely misses you.
You block the water moccasin's attack.
You barely miss the water moccasin.
* * * LOW HITPOINT WARNING * * *
You feel extremely sick.
The water moccasin bites you but does no damage.
The water moccasin bites you.
* * * LOW HITPOINT WARNING * * *
You miss the water moccasin.
* * * LOW HITPOINT WARNING * * *
You feel very sick.
The water moccasin bites you but does no damage.
You block the water moccasin's attack.
You closely miss the water moccasin.
Your headbutt misses the water moccasin.
You die...

##...## ##.## #.#
#.# #.# ### #.#
.... #.# .....
########.####.....$
#∩.........@S.....$
#############.....$
..... .... ###


You could see a water moccasin.

Vanquished Creatures
  2 adders (D:2)
  3 dart slugs
  7 bats
  4 endoplasms
  3 giant cockroaches
  5 goblins
  5 hobgoblins
  2 quokkas
  2 ball pythons (D:1)
  8 frilled lizards
  6 kobolds
  7 rats
54 creatures vanquished.

Notes
Turn   | Place    | Note
-------+----------+-------------------------------------------
     0 | D:1      | Fodor the Minotaur Fighter began the quest for the Orb.
     0 | D:1      | Reached XP level 1. HP: 19/19 MP: 0/0
   190 | D:1      | Reached XP level 2. HP: 27/27 MP: 1/1
   673 | D:2      | Found a blossoming altar of Fedhas.
   684 | D:2      | Reached XP level 3. HP: 33/33 MP: 2/2
  1438 | D:3      | Reached XP level 4. HP: 40/40 MP: 3/3
  1493 | D:3      | Found a glowing drain.
  1497 | Sewer    | Entered a sewer
  1525 | Sewer    | Noticed a water moccasin
  1532 | Sewer    | HP: 1/40 [poisoned by a water moccasin]
  1533 | Sewer    | Succumbed to a water moccasin's poison

Illustrated notes

Levels and vault maps discovered:
D:1:      nzn_arrival_water_spiral, layout_basic, minmay_pentomino_p2
D:2:      layout_loops_ring, basic_altar, serial_park_tiny_2
D:3:      minmay_skewed_foursquare, layout_basic,
          mainiacjoe_sewer_entry_somewhere_in_here_2, dk_noncrumbling_4
Sewer:    sewer_big_baddie

Skill      XL: |  1  2  3 |
---------------+----------+-----
Armour         | 4 |  4.4
Shields        | 4 |  4.1
Fighting       | 4 |  4.2
Axes           | 3 |  3.7
Dodging        | |  0.3

Action                     |  1- 3 |  4- 6 || total
---------------------------+-------+-------++-------
  Melee: War axe           |    80 |    34 ||   114
         Headbutt          |     5 |     1 ||     6
 Armour: Scale mail        |    70 |    42 ||   112
  Dodge: Dodged            |    50 |    17 ||    67
  Block: Buckler           |    21 |    11 ||    32

Table legend: (Time is in decaauts)
 A = Elapsed time spent in this place.
 B = Non-inter-level travel time spent in this place.
 C = Inter-level travel time spent in this place.
 D = Time resting spent in this place.
 E = Time spent auto-exploring this place.
 F = Levels seen in this place.
 G = Mean time per level.
                   A        B        C        D        E       F      G
               +--------+--------+--------+--------+--------+-----+--------+
         Total |   1596 |   1538 |     58 |      0 |      0 |   4 |  399.0 |
       Dungeon |   1557 |   1499 |     58 |      0 |      0 |   3 |  519.0 |
         Sewer |     38 |     38 |      0 |      0 |      0 |   1 |   38.0 |
               +--------+--------+--------+--------+--------+-----+--------+

Top non-repeatable levels by time:
     D:2: 723 daAuts
     D:1: 698 daAuts
     D:3: 135 daAuts
   Sewer: 38 daAuts
